 Dungeon Crawl Stone Soup version 0.19.5 (webtiles) character file.

10633 JeffiDaFish the Cleaver (level 11, -9/101 HPs)
             Began as a Minotaur Fighter on Jan 8, 2018.
             Was a High Priest of Okawaru.
             Killed from afar by a rakshasa (38 damage)
             ... with an orb of energy
             ... on level 2 of the Abyss on Jan 9, 2018.
             The game lasted 00:20:22 (8880 turns).

JeffiDaFish the Cleaver (Minotaur Fighter)          Turns: 8880, Time: 00:20:22

Health: -9/101     AC: 13    Str: 23    XL:     11   Next: 38%
Magic:  10/10      EV: 20    Int: -1 (5) God:    Okawaru [*****.]
Gold:   566        SH:  7    Dex: 19    Spells: 0 memorised, 10 levels left

rFire  . . .     SeeInvis .     B - +0 broad axe (freeze)
rCold  . . .     Gourm    .     p - +1 ring mail of Vampiric Thralls {Dex+6}
rNeg   . . .     Faith    .     y - +1 buckler {rPois}
rPois  +         Spirit   .     (helmet unavailable)
rElec  .         Reflect  .     h - +2 cloak
rCorr  .         Harm     +     u - +0 pair of gloves
MR     .....                    (no boots)
Stlth  +.........               n - amulet of harm
                                (no ring)
                                (no ring)

@: slowed, lost intelligence, very slow
A: retaliatory headbutt, horns 3, repulsion field 1, strong 1
a: Heroism, Finesse, Renounce Religion


You were on level 2 of the Abyss.
You worshipped Okawaru.
Okawaru was extremely pleased with you.
You were hungry.

You visited 2 branches of the dungeon, and saw 12 of its levels.
You visited the Abyss 1 time.
You also visited: Ossuary.

You collected 674 gold pieces.
You spent 108 gold pieces at shops.

Inventory:

Hand Weapons
 s - a +2 flail of protection
 B - a +0 broad axe of freezing (weapon)
Armour
 c - a +0 shield
 h - a +2 cloak (worn)
 p - the +1 ring mail of Vampiric Thralls (worn) {Dex+6}
   (You found it on level 4 of the Dungeon)

   It affects your dexterity (+6).
 r - a +0 plate armour
 u - a +0 pair of gloves (worn)
 y - a +1 buckler of poison resistance (worn)
 D - a +2 chain mail of magic resistance
Jewellery
 n - an amulet of harm (around neck)
Scrolls
 a - a scroll of remove curse
 b - 2 scrolls of amnesia
 e - 8 scrolls of teleportation
 l - 5 scrolls of identify
 t - a scroll of blinking
Potions
 d - a potion of heal wounds
 g - a potion of haste
 k - 2 potions of might
 o - a potion of cancellation
 q - a potion of berserk rage
 w - a potion of agility
 x - 4 potions of curing
 C - a potion of brilliance
Comestibles
 f - 6 bread rations
 i - 6 meat rations
 j - 18 fruits
 m - a royal jelly
 z - 7 slices of pizza
 A - 2 beef jerkies


   Skills:
 + Level 10.6 Fighting
 + Level 11.5 Axes
 + Level 10.2 Armour
 * Level 9.2 Dodging
 - Level 0.1 Stealth
 - Level 7.5 Shields


You had 10 spell levels left.
You didn't know any spells.

Dungeon Overview and Level Annotations

Branches:
Dungeon (11/15)            Temple (1/1) D:7             Orc (0/2) D:10
   Lair: D:8-11

Altars:
Ashenzari
Cheibriados
Dithmenos
Elyvilon
Fedhas
Gozag
Hepliaklqana
Kikubaaqudgha
Makhleb
Nemelex Xobeh
Okawaru
Qazlal
Ru
Sif Muna
Trog
Uskayaw
Vehumet
Xom
Yredelemnul
Zin
The Shining One

Shops:
D:7 *   D:10 !

Annotations:
D:11 Erolcha


Innate Abilities, Weirdness & Mutations

You reflexively headbutt those who attack you in melee.
You have a pair of large horns on your head.
You are surrounded by a mild repulsion field. (EV +2)
Your muscles are strong. (Str +2)


Message History

You kill the hell hound!
Okawaru accepts your kill. The hell hound misses you.
You hit the hell hound but do no damage.
Your headbutt misses the hell hound. The hell hound completely misses you.
The hell hound misses you.
You closely miss the hell hound. Your headbutt misses the hell hound.
The hell hound completely misses you. You furiously retaliate!
You headbutt the hell hound. The hell hound bites you.
* * * LOW HITPOINT WARNING * * *
You slash the hell hound! You freeze the hell hound.
You headbutt the hell hound.
You kill the hell hound!
Okawaru accepts your kill. Something appears at your feet!
Okawaru grants you a gift!
You hear a bark!
The rakshasa gestures at you. The orb of energy hits you!
You die...

..##. .....
##... # .
.. .# ##..#
..###...
..[#....###
#..#R....#
... .####@#
.#. #†# #.#
#.. #..
#.... #.#..
.#... .
##.#


You could see a rakshasa.

Vanquished Creatures
  A great orb of eyes (Abyss:2)
  The ghost of Barfbag the Spear-Bearer, a novice MfGl of Nemelex Xobeh (D:6)
  A gargoyle (D:10)
  2 centaur skeletons
  A troll (D:9)
  Prince Ribbit (D:7)
  2 hornets
  3 hippogriffs
  A small abomination (Abyss:1)
  4 yaks (D:9)
  A human (D:8)
  4 hogs (D:8)
  Eustachio (D:5)
  Edmund (D:5)
  A neqoxec (Abyss:1)
  A water moccasin (D:9)
  3 hell hounds (Abyss:2)
  4 porcupines (D:10)
  7 orc warriors
  2 ice beasts
  3 sky beasts (D:10)
  A black bear (D:9)
  A necrophage (D:10)
  3 ogres
  3 centaurs
  A bullfrog (D:11)
  2 big kobolds
  5 scorpions
  6 killer bees (D:7)
  5 howler monkeys
  A wight (D:6)
  A bullfrog zombie (D:5)
  2 crimson imps
  3 centaur zombies
  7 hounds
  A jelly (D:4)
  10 orc priests
  Crazy Yiuf (D:3)
  A gnoll shaman (D:9)
  2 bullfrog skeletons
  3 iguanas
  14 orc wizards
  9 worker ants
  A killer bee zombie (D:6)
  A hound zombie (D:8)
  3 hound skeletons
  3 mummies (Ossuary)
  A howler monkey zombie (D:10)
  A worker ant zombie (D:5)
  A howler monkey skeleton (D:5)
  4 gnolls
  11 adders
  A shadow imp (D:5)
  An ooze (D:3)
  An adder skeleton (D:5)
  4 worms
  5 dart slugs
  6 leopard geckos
  40 orcs
  6 bats
  8 giant cockroaches
  A gnoll zombie (Ossuary)
  11 goblins
  6 hobgoblins
  12 jackals
  3 quokkas
  A ball python (D:5)
  4 frilled lizards
  3 goblin zombies (Ossuary)
  2 hobgoblin zombies (Ossuary)
  12 kobolds
  2 leopard gecko skeletons
  A quokka skeleton (D:4)
  6 rats
289 creatures vanquished.

Vanquished Creatures (others)
  2 plants (D:10)
2 creatures vanquished.

Grand Total: 291 creatures vanquished

Notes
Turn   | Place    | Note
-------+----------+-------------------------------------------
     0 | D:1      | JeffiDaFish the Minotaur Fighter began the quest for the Orb.
     0 | D:1      | Reached XP level 1. HP: 19/19 MP: 0/0
   202 | D:1      | Reached XP level 2. HP: 27/27 MP: 1/1
   597 | D:1      | Reached XP level 3. HP: 31/33 MP: 2/2
  1130 | D:2      | Reached skill level 3 in Axes
  1519 | D:3      | Reached XP level 4. HP: 37/40 MP: 3/3
  1537 | D:2      | Found a deep blue altar of Sif Muna.
  2073 | D:3      | Found a runed door.
  2166 | D:3      | Noticed Crazy Yiuf
  2168 | D:3      | Killed Crazy Yiuf
  2168 | D:3      | Reached skill level 4 in Axes
  2168 | D:3      | Reached XP level 5. HP: 47/47 MP: 4/4
  2550 | D:4      | Reached skill level 5 in Axes
  2638 | D:4      | Identified the cursed +1 ring mail of Vampiric Thralls {Dex+6} (You found it on level 4 of the Dungeon)
  2687 | D:4      | Reached skill level 1 in Dodging
  2687 | D:4      | Reached XP level 6. HP: 51/53 MP: 5/5
  2839 | D:4      | Reached skill level 5 in Armour
  3132 | D:5      | Entered Level 5 of the Dungeon
  3200 | D:5      | Reached skill level 5 in Shields
  3273 | D:5      | Found a sparkling altar of Nemelex Xobeh.
  3273 | D:5      | Found an opulent altar of Gozag.
  3334 | D:5      | Identified the Guide on Aerial Curses
  3359 | D:5      | Noticed Eustachio
  3370 | D:5      | Noticed Edmund
  3393 | D:5      | Killed Eustachio
  3393 | D:5      | Reached skill level 6 in Axes
  3393 | D:5      | Reached XP level 7. HP: 13/60 MP: 6/6
  3394 | D:5      | Killed Edmund
  3878 | D:5      | Reached skill level 7 in Axes
  3900 | D:5      | Reached skill level 5 in Fighting
  3903 | D:5      | Reached XP level 8. HP: 57/68 MP: 7/7
  4447 | D:6      | Noticed Barfbag's ghost (novice MfGl)
  4450 | D:6      | Killed Barfbag's ghost
  4450 | D:6      | Reached skill level 8 in Axes
  4819 | D:6      | Reached XP level 9. HP: 70/78 MP: 8/8
  5146 | D:7      | Found a sand-covered staircase.
  5152 | Ossuary  | Entered an ossuary
  5174 | Ossuary  | Gained mutation: You have a pair of large horns on your head. [potion of beneficial mutation]
  5178 | Ossuary  | Gained mutation: Your muscles are strong. (Str +2) [potion of mutation]
  5178 | Ossuary  | Gained mutation: You are surrounded by a mild repulsion field. (EV +2) [potion of mutation]
  5435 | D:7      | Found Teeroefoh's Assorted Antiques.
  5457 | D:7      | Reached skill level 9 in Axes
  5457 | D:7      | Reached skill level 5 in Dodging
  5507 | D:7      | Found a staircase to the Ecumenical Temple.
  5520 | Temple   | Entered the Ecumenical Temple
  5529 | Temple   | Became a worshipper of Warmaster Okawaru
  5789 | D:7      | Noticed Prince Ribbit
  5802 | D:7      | Killed Prince Ribbit
  5847 | D:7      | Reached * piety under Okawaru
  6355 | D:8      | Reached XP level 10. HP: 76/90 MP: 9/9
  6402 | D:8      | Reached ** piety under Okawaru
  6406 | D:8      | Reached skill level 10 in Axes
  6675 | D:9      | Identified a scroll of acquirement
  6800 | D:9      | Reached *** piety under Okawaru
  7260 | D:9      | Found a shadowy altar of Dithmenos.
  7421 | D:10     | Entered Level 10 of the Dungeon
  7578 | D:10     | Found a sacrificial altar of Ru.
  7815 | D:10     | Noticed a gargoyle
  7819 | D:10     | Killed a gargoyle
  7819 | D:10     | Reached **** piety under Okawaru
  7819 | D:10     | Reached skill level 11 in Axes
  7879 | D:10     | Found Ogachahe's Distillery.
  7887 | D:10     | Bought a potion of heal wounds for 60 gold pieces
  7887 | D:10     | Bought a potion of might for 48 gold pieces
  7894 | D:10     | Reached skill level 10 in Fighting
  7894 | D:10     | Reached XP level 11. HP: 99/99 MP: 10/10
  8272 | D:10     | Found a staircase to the Orcish Mines.
  8493 | D:11     | Reached ***** piety under Okawaru
  8493 | D:11     | Reached skill level 10 in Armour
  8503 | D:11     | Found a burning altar of Makhleb.
  8605 | D:11     | Noticed Erolcha
  8607 | D:11     | Cast into level 1 of the Abyss (Erolcha)
  8704 | Abyss:1  | Lost intelligence.
  8759 | Abyss:1  | Noticed a bone dragon
  8760 | Abyss:1  | Noticed a spatial maelstrom
  8763 | Abyss:1  | Noticed a wretched star
  8844 | Abyss:2  | Noticed a wretched star
  8866 | Abyss:2  | Noticed a rakshasa
  8866 | Abyss:2  | Noticed a great orb of eyes
  8872 | Abyss:2  | Killed a great orb of eyes
  8880 | Abyss:2  | Received a gift from Okawaru
  8880 | Abyss:2  | Killed from afar by a rakshasa

Skill      XL: |  1  2  3  4  5  6  7  8  9 10 11 |
---------------+----------------------------------+-----
Shields        | 4 5 6 7 |  7.5
Fighting       | 4 5 6 8 10 | 10.6
Armour         | 4 5 6 8 9 10 | 10.2
Axes           | 3 4 5 6 7 8 9 11 | 11.5
Dodging        | 1 2 3 4 6 8 9 |  9.2
Stealth        | |  0.1

Action                   |  1- 3 |  4- 6 |  7- 9 | 10-12 || total
-------------------------+-------+-------+-------+-------++-------
Melee: War axe           |    87 |   141 |   219 |    33 ||   480
       Headbutt          |     9 |    28 |    54 |    50 ||   141
       Broad axe         |       |       |       |   158 ||   158
  Use: Potion            |     5 |     5 |     5 |     1 ||    16
       Scroll            |     4 |     4 |     4 |     5 ||    17
 Stab: Distracted        |       |       |     1 |       ||     1
  Eat: Chunk             |     2 |     6 |    10 |     8 ||    26
Armor: Scale mail        |    34 |    37 |       |       ||    71
       Ring mail         |       |    46 |    40 |    61 ||   147
Dodge: Dodged            |    21 |    89 |    98 |   129 ||   337
Block: Shield            |    44 |   116 |   115 |       ||   275
       Buckler           |       |       |     1 |    68 ||    69
